cohdb
Replays
Latest Replays
All Replays
Popular Replays
Top Player Replays
Match Explorer
How It Works
Community
CoH3 Stats
Reddit
Sign in to upload your games and track your stats! →
Sign in with Steam
Match 31722278
Unlisted
Match 31722278
Overview
Messages
Build Orders
End
Construct Infanterie Kompanie
Selects Breakthrough Battlegroup
Selects Assault Grenadiers
Grenadier Squad
Grenadier Squad
Grenadier Squad
Medical Station
Infanterie Officer Quarters
Selects Breakthrough
Construct Panzergrenadier Kompanie
Breakthrough
Grenadier Squad
Pak 40 Anti-tank Gun Team
Grenadier Squad
Grenadier Squad
Construct Panzer Kompanie
Microsoft Outlook
Microsoft Office Excel
Leon-passenger
FuriousFred
0
0
Comments
sign in to comment!
No comments posted yet!